 Dungeon Crawl Stone Soup version 0.31-a0-774-g0d66cbabe8 (console) character file.

Game seed: 10750446368860119175

52 questionabletactics the Covered (level 3, -6/32 HPs)
             Began as an Armataur Fighter on Sept 17, 2023.
             Mangled by a +2 spectral club (7 damage)
             ... created by Jessica
             ... on level 2 of the Dungeon.
             The game lasted 00:03:18 (1134 turns).

questionabletactics the Covered (Armataur Fighter)  Turns: 1134, Time: 00:03:19

Health: -6/32      AC:  6    Str: 21    XL:     3   Next: 60%
Magic:  3/3        EV:  7    Int:  8    God:
Gold:   81         SH:  4    Dex: 11    Spells: 2/2 levels left

rFire   . . .        a - +0 flail
rCold   . . .        c - +0 buckler
rNeg    . . .        b - +0 scale mail
rPois   .            (no helmet)
rElec   .            (no cloak)
rCorr   .            (no gloves)
SInv    .            (no barding)
Will    .....        e - amulet of regeneration Stlth
                     (no ring)
HPRegen 1.05/turn    (no ring)
MPRegen 0.08/turn

%: roll
@: mighty
A: large, rugged brown scales 3, deformed body, armoured tail, roll, long
tongue, awkward tongue
a: no special abilities


You were on level 2 of the Dungeon.
You visited 1 branch of the dungeon, and saw 2 of its levels.

You collected 81 gold pieces.

Inventory:

Hand Weapons
 a - a +0 flail (weapon)
Armour
 b - a +0 scale mail (worn)
 c - a +0 buckler (worn)
Jewellery
 e - an amulet of regeneration (around neck)
 m - an amulet of reflection
Scrolls
 g - a scroll of enchant armour {unknown}
 k - a scroll of immolation {unknown}
Potions
 f - a potion of attraction {unknown}
 h - a potion of heal wounds {unknown}
 i - a potion of brilliance {unknown}
 j - 2 potions of enlightenment {unknown}
 l - a potion of curing {unknown}
 n - a potion of cancellation {unknown}


   Skills:
 - Level 2.6 Fighting
 + Level 3.6 Maces & Flails
 - Level 3.6 Armour
 - Level 3.2 Shields


You had 2 spell levels left.
You didn't know any spells.
Your spell library contained the following spells:

 Spells                   Type           Power      Damage    Failure   Level
 Ignite Poison            Fire/Tmut/Pois 0%         N/A       99%         3
 Sticky Flame             Conj/Fire      0%         2d3       100%        4
 Ignition                 Fire           0%         3d3       100%        8


Dungeon Overview and Level Annotations

Branches:
Dungeon (2/15)

Altars:

Annotations:
D:2 Jessica


Innate Abilities, Weirdness & Mutations

You are completely covered in rugged brown scales. (AC +3, +7% HP)
Armour fits poorly on your strangely shaped body.
You have a long armoured tail.
You roll when moving toward enemies. (Rampage)
Your long tongue fully drains potion bottles. (2x potion effects)
Your tongue gives you trouble enunciating. (1.5x scroll delay)


Message History

n - a green potion
Things that are here:
a jackal corpse; a dart slug corpse; a jackal corpse A goblin comes into view.
It is wielding a +0 dagger.
The goblin shouts!
The goblin moves out of view.
A goblin is nearby!
You roll towards the goblin!
The goblin hits you with a +0 dagger.
You hit the goblin but do no damage. The goblin hits you but does no damage.
You block the goblin's attack.
You hit the goblin.
You kill the goblin!
Things that are here:
a +0 dagger; a goblin corpse Jessica the Apprentice Sorceress comes into view.
She is wielding a +2 spectral club.
Jessica shouts!
Jessica grins evilly.
You roll towards Jessica!
You roll towards Jessica!
Jessica points at you and mumbles some strange words.
Pain shoots through your body!
You closely miss Jessica.
Jessica hits you with a +2 spectral club.
The +2 spectral club hits you but does no damage.
A +2 spectral club comes into view.
You closely miss Jessica. You tail-slap Jessica.
Jessica is lightly wounded.
Jessica hits you with a +2 spectral club.
The +2 spectral club hits you.
You closely miss Jessica.
Jessica is lightly wounded.
Jessica gestures at you while chanting. Pain shoots through your body!
* * * LOW HITPOINT WARNING * * *
You feel very mighty all of a sudden.
You slurp down every last drop of the potion of might!
Jessica hits you with a +2 spectral club.
* * * LOW HITPOINT WARNING * * *
The +2 spectral club hits you!
You die...

.# .##### .......# .....#
......# .....# .....#
.....## #....#####
>.....########....#...
.#........ .........
.#....#### #..@.# ....#
..)....#######.(@.# .....#
..............!...# .....#.
..................##.....'.
#..##.............##.....'.
##.###########...........#
#..## #.............# ##..#
#.............### ##.#
......####........# ####.##
....#.............#


You could see a +2 spectral club (wandering) and Jessica.

Vanquished Creatures
  An adder (D:2)
  2 dart slugs
  3 ball pythons
  5 bats
  4 endoplasms
  A giant cockroach (D:1)
  4 goblins
  2 hobgoblins
  6 jackals (D:2)
  2 kobolds
  A quokka (D:1)
  A rat (D:1)
32 creatures vanquished.

Notes
Turn   | Place    | Note
-------+----------+-------------------------------------------
     0 | D:1      | questionabletactics the Armataur Fighter began the quest
                  | for the Orb.
     0 | D:1      | Reached XP level 1. HP: 19/19 MP: 1/1
   279 | D:1      | Found a faded altar of an unknown god.
   346 | D:1      | Reached XP level 2. HP: 26/26 MP: 2/2
   935 | D:2      | Reached XP level 3. HP: 32/32 MP: 3/3
  1128 | D:2      | Noticed Jessica
  1134 | D:2      | HP: 1/32 [Jessica/+2 spectral club (5)]
  1134 | D:2      | Mangled by a +2 spectral club

Illustrated notes

Levels and vault maps discovered:
D:1:      dpeg_arrival_lava_temple_mockup, layout_loops_corners,
          ebering_ecumenical_altar_hall
D:2:      layout_basic, kennysheep_generic_room_12, uniq_natasha, uniq_jessica

Skill      XL: |  1  2 |
---------------+-------+-----
Maces & Flails | 2 3 |  3.6
Fighting       | |  2.6
Armour         | |  3.6
Shields        | |  3.2

Action                     || total
---------------------------++-------
  Melee: Flail             ||    85
         Tailslap          ||     5
    Use: Potion            ||     1
 Armour: Scale mail        ||    67
  Dodge: Dodged            ||    28
  Block: Buckler           ||    12

Table legend: (Time is in decaauts)
 A = Elapsed time spent in this place.
 B = Non-inter-level travel time spent in this place.
 C = Inter-level travel time spent in this place.
 D = Time resting spent in this place.
 E = Time spent auto-exploring this place.
 F = Levels seen in this place.
 G = Mean time per level.
                   A        B        C        D        E       F      G
               +--------+--------+--------+--------+--------+-----+--------+
         Total |   1157 |   1102 |     55 |      0 |    856 |   2 |  578.5 |
       Dungeon |   1157 |   1102 |     55 |      0 |    856 |   2 |  578.5 |
               +--------+--------+--------+--------+--------+-----+--------+

Top non-repeatable levels by time:
     D:1: 877 daAuts
     D:2: 279 daAuts
